 Dungeon Crawl Stone Soup version 0.31-a0-237-g2d982f9f85 (webtiles) character file.

Game seed: 13961559563238241150

17360 HallandMoats the Fighter (level 12, -6/112 HPs)
             Began as a Demonspawn Fighter on July 11, 2023.
             Was an Initiate of Qazlal.
             Mangled by a troll (13 damage)
             ... on level 11 of the Dungeon.
             The game lasted 00:22:14 (9496 turns).

HallandMoats the Fighter (Demonspawn Fighter)       Turns: 9496, Time: 00:22:14

Health: -6/112     AC:  9    Str: 21    XL:     12   Next: 18%
Magic:  13/13      EV: 11    Int: 11    God:    Qazlal [......]
Gold:   876        SH:  6    Dex: 12    Spells: 11/11 levels left

rFire   . . .        a - +5 war axe
rCold   . . .        c - +1 buckler
rNeg    . . .        o - +0 troll leather armour
rPois   .            e - +2 hat {Will+}
rElec   .            t - +0 cloak
rCorr   .            (no gloves)
SInv    .            (no boots)
Will    ++...        u - amulet of regeneration
Stlth   +            w - ring of willpower
HPRegen 1.98/turn    (no ring)
MPRegen 0.13/turn

%: no passive effects
@: hasted, very quick
A: rugged brown scales 2, spiny 2, demonic magic 2
a: Renounce Religion


You were on level 11 of the Dungeon.
You worshipped Qazlal.
Qazlal was noncommittal.
You visited 2 branches of the dungeon, and saw 12 of its levels.

You collected 876 gold pieces.

Inventory:

Hand Weapons
 a - a +5 war axe (weapon)
 b - a +4 scimitar of flaming
 l - a +0 war axe of electrocution
Armour
 c - a +1 buckler (worn)
 e - a +2 hat of willpower (worn)
 o - a +0 troll leather armour (worn)
 t - a +0 cloak (worn)
 B - +0 acid dragon scales
Jewellery
 u - an amulet of regeneration (around neck)
 w - a ring of willpower (left hand)
 y - a ring of magical power
Wands
 j - a wand of polymorph (9)
 r - a wand of roots (40)
Scrolls
 h - 2 scrolls of identify
 k - 6 scrolls of teleportation
 q - a scroll of immolation {unknown}
 v - a scroll of fear
Potions
 d - a potion of mutation
 f - 2 potions of curing
 g - 2 potions of might
 i - 2 potions of enlightenment
 m - 2 potions of brilliance
 p - 2 potions of cancellation
 s - a potion of invisibility
 A - 2 potions of resistance


   Skills:
 * Level 14.1 Fighting
 + Level 11.5 Axes
 * Level 3.2 Armour
 * Level 1.4 Dodging
 - Level 7.3 Shields
 + Level 1.4 Invocations


You had 11 spell levels left.
You didn't know any spells.
Your spell library contained the following spells:

 Spells                   Type           Power      Damage    Failure   Level
 Poisonous Vapours        Pois/Air       0%         N/A       58%         2
 Dazzling Flash           Conj/Hex       0%         N/A       82%         3
 Hailstorm                Conj/Ice       0%         3d3       82%         3
 Mephitic Cloud           Conj/Pois/Air  0%         N/A       82%         3
 Ice Form                 Ice/Tmut       0%         N/A       99%         4
 Agony                    Necr           0%         N/A       100%        5
 Freezing Cloud           Conj/Ice/Air   0%         6-21      100%        5
 Silence                  Hex/Air        0%         N/A       100%        5
 Simulacrum               Ice/Necr       0%         N/A       100%        6


Dungeon Overview and Level Annotations

Branches:
Dungeon (11/15)            Temple (1/1) D:5            Lair (0/5) D:10
    Orc: D:9-12

Altars:
Ashenzari
Cheibriados
Dithmenos
Fedhas
Gozag
Hepliaklqana
Kikubaaqudgha
Makhleb
Nemelex Xobeh
Okawaru
Qazlal
Ru
Sif Muna
Trog
Uskayaw
Vehumet
Wu Jian
Xom
Yredelemnul

Shops:
D:2 =

Annotations:
D:6 1 runed translucent door, XomNomNom's ghost, novice OgCK
D:7 2 transporters, innerfire43's ghost, novice DsMo


Innate Abilities, Weirdness & Mutations

You are mostly covered in rugged brown scales. (AC +2, +5% HP)
You are mostly covered in sharp spines.
Spells you cast may paralyse nearby enemies.


Message History

The cyan ugly thing is almost dead.
You hit the cyan ugly thing but do no damage.
The cyan ugly thing is almost dead.
The cyan ugly thing pecks you but does no damage.
You slash the cyan ugly thing!
You kill the cyan ugly thing!
Qazlal accepts your kill.
You closely miss the troll. The troll bites you but does no damage.
The troll claws you. The troll claws you!
* * * LOW HITPOINT WARNING * * *
You hit the troll but do no damage. The troll bites you!
* * * LOW HITPOINT WARNING * * *
You block the troll's attack. The troll claws you but does no damage.
You barely miss the troll. The troll is struck by your spines.
The troll bites you.
* * * LOW HITPOINT WARNING * * *
The troll claws you but does no damage. The troll claws you.
* * * LOW HITPOINT WARNING * * *
You closely miss the troll.
The troll is lightly wounded.
The troll bites you.
* * * LOW HITPOINT WARNING * * *
The troll barely misses you. x2
You closely miss the troll. The troll barely misses you. x2
You block the troll's attack. The troll attacks as you move away!
The troll closely misses you. The troll claws you but does no damage.
The troll claws you.
* * * LOW HITPOINT WARNING * * *
The troll attacks as you move away! The troll bites you.
* * * LOW HITPOINT WARNING * * *
The troll barely misses you. The troll claws you but does no damage.
There is an open door here.
The troll attacks as you move away! The troll is struck by your spines.
The troll closely misses you. The troll claws you!
* * * LOW HITPOINT WARNING * * *
The troll claws you!
* * * LOW HITPOINT WARNING * * *
You feel yourself speed up. The troll is struck by your spines.
The troll bites you!
You die...

..# #†# ###..
~..#####.## ###.##
~..####...# #####.#.
~...####.###########..#.
~....###'##########...#.
~.....................##
P.......................
~......T................
#......@..........######
#............[....#.....
#............###.##.....
#.#..........# #.# ..<..
#...########## #≈# .....
###.# #≈# ..... #.# #≈#
.... ... #.# #.# ....
... #.############.##


You could see a troll.

Vanquished Creatures
  Gastronok (D:10)
  3 two-headed ogres
  Erica (D:9)
  Sonja (D:10)
  Pikel (D:5)
  An ugly thing (D:11)
  Maurice (D:8)
  4 kobold demonologists
  3 trolls
  Grinder (D:5)
  4 wraiths
  Sigmund (D:2)
  24 yaks
  4 wyverns
  A steam dragon (D:7)
  Eustachio (D:5)
  A vampire mosquito (D:6)
  2 acid dragons
  2 water moccasins
  3 black bears
  5 orc warriors
  An ogre (D:5)
  A centaur (D:9)
  A phantom (D:4)
  10 kobold brigands
  6 bullfrogs
  A gnoll sergeant (D:8)
  6 scorpions
  13 wights
  10 killer bees
  A howler monkey (D:5)
  2 hounds
  3 gnoll boudas
  A jelly (D:5)
  Crazy Yiuf (D:3)
  6 orc priests
  A sleepcap (D:7)
  4 iguanas
  12 orc wizards
  Robin (D:3)
  19 gnolls
  4 adders
  2 white imps
  An ufetubus (D:5)
  3 worms
  2 dart slugs
  27 orcs
  7 endoplasms
  3 giant cockroaches
  11 goblins
  5 hobgoblins
  4 jackals (D:3)
  A quokka (D:3)
  5 ball pythons
  6 bats
  5 frilled lizards
  35 kobolds
  9 rats
295 creatures vanquished.

Notes
Turn   | Place    | Note
-------+----------+-------------------------------------------
     0 | D:1      | HallandMoats the Demonspawn Fighter began the quest for the
                  | Orb.
     0 | D:1      | Reached XP level 1. HP: 18/18 MP: 1/1
   209 | D:1      | Gained mutation: You are partially covered in sharp spines.
                  | [demonic ancestry]
   209 | D:1      | Reached XP level 2. HP: 20/24 MP: 2/2
   954 | D:2      | Noticed Sigmund
   962 | D:2      | Killed Sigmund
   963 | D:2      | Reached skill level 4 in Fighting
   963 | D:2      | Gained mutation: You are partially covered in rugged brown
                  | scales. (AC +1, +3% HP) [demonic ancestry]
   963 | D:2      | Reached XP level 3. HP: 16/31 MP: 3/3
   963 | D:2      | Gained mutation: You are mostly covered in rugged brown
                  | scales. (AC +2, +5% HP) [demonic ancestry]
   963 | D:2      | Reached XP level 4. HP: 16/39 MP: 4/4
   963 | D:2      | Reached XP level 5. HP: 19/45 MP: 5/5
  1246 | D:2      | Found Waec's Jewellery Shop.
  1988 | D:3      | Noticed Robin
  1997 | D:3      | Killed Robin
  2107 | D:3      | Found a runed translucent door.
  2108 | D:3      | Noticed Crazy Yiuf
  2149 | D:3      | You fall into a shaft and drop 2 floors!
  2149 | D:5      | Entered Level 5 of the Dungeon
  2173 | D:5      | Gained mutation: You are mostly covered in sharp spines.
                  | [demonic ancestry]
  2173 | D:5      | Reached XP level 6. HP: 12/52 MP: 6/6
  2320 | D:5      | Found a shimmering blue altar of Sif Muna.
  2323 | D:5      | Found a shadowy altar of Dithmenos.
  2358 | D:5      | Reached skill level 5 in Fighting
  2720 | D:3      | Killed Crazy Yiuf
  3257 | D:4      | Reached XP level 7. HP: 58/58 MP: 7/7
  3545 | D:5      | Noticed Grinder
  3549 | D:5      | Found an ancient bone altar of Kikubaaqudgha.
  3572 | D:5      | Killed Grinder
  3573 | D:5      | Reached skill level 6 in Fighting
  3573 | D:5      | Reached skill level 5 in Axes
  3651 | D:5      | Noticed Pikel
  3670 | D:5      | Killed Pikel
  3671 | D:5      | Reached skill level 7 in Fighting
  3671 | D:5      | Reached XP level 8. HP: 70/70 MP: 8/8
  3718 | D:5      | Reached skill level 5 in Shields
  3838 | D:5      | Found a bloodstained altar of Trog.
  3866 | D:5      | Noticed Eustachio
  3891 | D:5      | Killed Eustachio
  3994 | D:5      | Found a staircase to the Ecumenical Temple.
  4146 | D:6      | Reached skill level 8 in Fighting
  4146 | D:6      | Gained mutation: Spells you cast may paralyse adjacent
                  | enemies. [demonic ancestry]
  4146 | D:6      | Reached XP level 9. HP: 44/77 MP: 9/9
  4359 | D:6      | Found a runed translucent door.
  4360 | D:6      | Noticed XomNomNom's ghost (novice OgCK)
  4783 | D:6      | Noticed a troll
  4801 | D:6      | Killed a troll
  4802 | D:6      | Reached skill level 9 in Fighting
  5220 | D:7      | Found a transporter.
  5223 | D:7      | Noticed innerfire43's ghost (novice DsMo)
  5249 | D:7      | Found a transporter.
  5618 | D:7      | Reached XP level 10. HP: 77/88 MP: 10/10
  5746 | D:8      | Noticed a two-headed ogre
  5756 | D:8      | Killed a two-headed ogre
  5757 | D:8      | Reached skill level 10 in Fighting
  5833 | D:8      | Noticed Maurice
  6121 | D:8      | Noticed a two-headed ogre
  6352 | D:7      | Killed a two-headed ogre
  6419 | D:8      | Killed Maurice
  6800 | D:9      | Found an iron altar of Okawaru.
  6800 | D:9      | Noticed Erica
  6822 | D:9      | Killed Erica
  6941 | D:9      | Reached skill level 11 in Fighting
  7036 | D:9      | Noticed a soul eater
  7056 | D:10     | Entered Level 10 of the Dungeon
  7094 | D:9      | Noticed a rust devil
  7096 | D:9      | Reached skill level 10 in Axes
  7100 | D:9      | Noticed an orange demon
  7106 | D:9      | Reached XP level 11. HP: 97/97 MP: 11/11
  7475 | D:9      | Reached skill level 12 in Fighting
  7562 | D:9      | Noticed a two-headed ogre
  7574 | D:9      | Killed a two-headed ogre
  8005 | D:10     | Noticed Gastronok
  8022 | D:10     | Killed Gastronok
  8023 | D:10     | Reached skill level 13 in Fighting
  8439 | D:10     | Noticed Sonja
  8459 | D:10     | Killed Sonja
  8618 | D:10     | Found a staircase to the Lair.
  8625 | D:10     | Gained mutation: Spells you cast may paralyse nearby
                  | enemies. [demonic ancestry]
  8625 | D:10     | Reached XP level 12. HP: 109/109 MP: 12/12
  8749 | D:11     | Reached skill level 14 in Fighting
  8969 | Temple   | Entered the Ecumenical Temple
  9157 | Temple   | Became a worshipper of Qazlal Stormbringer
  9351 | D:11     | Reached skill level 1 in Invocations
  9434 | D:11     | Reached skill level 1 in Dodging
  9494 | D:11     | HP: 1/112 [troll (7)]
  9496 | D:11     | Mangled by a troll

Illustrated notes

Levels and vault maps discovered:
D:1:      lightli_arrival_lavapool, layout_basic, serial_bayou_lake_a
D:2:      layout_basic, serial_shops, shop, uniq_sigmund
D:3:      layout_basic, uniq_crazy_yiuf_cottage, uniq_natasha, uniq_robin
D:4:      layout_gridville, minmay_misc_feat_doors, kennysheep_generic_room_6
D:5:      layout_basic, mainiacjoe_overflow_small_starburst,
          grunt_temple_overflow_open, minmay_temple_entry_from_below_a,
          kennysheep_generic_room_9, uniq_pikel, uniq_grinder, uniq_eustachio
D:6:      minmay_cornered_nines, layout_basic, gammafunk_ghost_grave
D:7:      layout_rooms, gammafunk_ghost_stat_death
D:8:      layout_cave_pools, uniq_maurice
D:9:      argonaut_augean_stables, layout_loops_ring, amcnicky_altar_gilded,
          uniq_erica
D:10:     layout_cave_pools, grunt_lair_entry_orc_guard_hut, uniq_sonja,
          uniq_gastronok
D:11:     hangedman_cross_veins, layout_irregular_city, chequers_big_river,
          corexii_corridor_pit
Temple:   nicolae_temple_slightly_damp_pantheon

Skill      XL: |  1  2  3  4  5  6  7  8  9 10 11 12 |
---------------+-------------------------------------+-----
Axes           | 2 3 4 6 7 8 10 11 | 11.5
Fighting       | 4 5 7 8 9 11 13 14 | 14.1
Shields        | 3 4 5 6 7 |  7.3
Armour         | 3 |  3.2
Invocations    | 1 |  1.4
Dodging        | 1 |  1.4

Action                     |  1- 3 |  4- 6 |  7- 9 | 10-12 || total
---------------------------+-------+-------+-------+-------++-------
  Melee: War axe           |    45 |    45 |    87 |   402 ||   579
         Whip              |       |    37 |   109 |       ||   146
         Hand axe          |       |       |    21 |       ||    21
         Rapier            |       |       |    19 |       ||    19
    Use: Potion            |       |     1 |     1 |     5 ||     7
         Scroll            |       |       |    10 |    12 ||    22
 Armour: Scale mail        |    20 |    23 |    88 |    26 ||   157
         Acid dragon scale |       |       |       |    55 ||    55
         Troll leather arm |       |       |       |    43 ||    43
  Dodge: Dodged            |    21 |    27 |   103 |   170 ||   321
  Block: Buckler           |    20 |    15 |    66 |   128 ||   229

Table legend: (Time is in decaauts)
 A = Elapsed time spent in this place.
 B = Non-inter-level travel time spent in this place.
 C = Inter-level travel time spent in this place.
 D = Time resting spent in this place.
 E = Time spent auto-exploring this place.
 F = Levels seen in this place.
 G = Mean time per level.
                   A        B        C        D        E       F      G
               +--------+--------+--------+--------+--------+-----+--------+
         Total |   9639 |   9092 |    547 |    708 |   5898 |  12 |  803.2 |
       Dungeon |   9436 |   8926 |    510 |    708 |   5750 |  11 |  857.8 |
        Temple |    202 |    165 |     37 |      0 |    148 |   1 |  202.0 |
               +--------+--------+--------+--------+--------+-----+--------+

Top non-repeatable levels by time:
     D:9: 1267 daAuts
     D:6: 1138 daAuts
     D:5: 1026 daAuts
     D:1: 867 daAuts
    D:10: 842 daAuts
     D:4: 831 daAuts
     D:7: 816 daAuts
     D:2: 812 daAuts
     D:8: 804 daAuts
     D:3: 777 daAuts
    D:11: 252 daAuts
  Temple: 202 daAuts
